 Dungeon Crawl Stone Soup version 0.21.1 (webtiles) character file.

217 Jerry the Chopper (level 5, -1/42 HPs)
             Began as a Demonspawn Chaos Knight on Feb 2, 2018.
             Slain by an orc wizard
             ... wielding a +0 dagger
              (2 damage)
             ... on level 3 of the Dungeon.
             The game lasted 00:07:45 (3307 turns).

Jerry the Chopper (Demonspawn Chaos Knight)         Turns: 3307, Time: 00:07:46

Health: -1/42      AC:  4    Str: 13    XL:     5   Next: 61%
Magic:  5/5        EV: 12    Int: 13    God:    Xom [....*.]
Gold:   196        SH:  0    Dex: 15    Spells: 4/4 levels left

rFire    + . .     SeeInvis .   a - +0 hand axe (chaos)
rCold    . . .     Gourm    .   (no shield)
rNeg     . . .     Faith    .   b - +2 leather armour
rPois    +         Spirit   .   (no helmet)
rElec    .         Reflect  .   (no cloak)
rCorr    .         Harm     .   (no gloves)
MR       .....                  d - +0 pair of boots (curse)
Stlth    ++........             (no amulet)
HPRegen  0.14/turn              f - ring of poison resistance
MPRegen  0.09/turn              (no ring)

@: no status effects
A: claws 1, thin skeletal structure 1, blurry vision 1, deformed body, fire
resistance 1, evolution 1
a: Renounce Religion


You were on level 3 of the Dungeon.
You worshipped Xom.
You were a beloved toy of Xom.
You were not hungry.

You visited 1 branch of the dungeon, and saw 4 of its levels.

You collected 196 gold pieces.

Inventory:

Hand Weapons
 a - a +0 hand axe of chaos (weapon)
Armour
 b - a +2 leather armour (worn)
 d - a cursed +0 pair of boots (worn)
Jewellery
 f - a ring of poison resistance (left claw)
Scrolls
 e - 3 scrolls of amnesia {unknown}
 h - 2 scrolls of fog {unknown}
 j - 2 scrolls of identify {unknown}
 m - a scroll of enchant weapon {unknown}
 n - a scroll of magic mapping {unknown}
Potions
 g - a potion of brilliance {unknown}
 i - 2 potions of haste {unknown}
 k - 3 potions of degeneration {unknown}
 l - a potion of ambrosia {unknown}
 p - a potion of agility {unknown}
 q - a potion of heal wounds {unknown}
Comestibles
 c - 4 rations


   Skills:
 + Level 3.9 Fighting
 * Level 4.2 Axes
 + Level 2.7 Armour
 + Level 2.2 Dodging


You had 4 spell levels left.
You didn't know any spells.

Dungeon Overview and Level Annotations

Branches:
Dungeon (4/15)
 Temple: D:4-7

Altars:
Nemelex Xobeh

Portals:
Ossuary: D:4


Innate Abilities, Weirdness & Mutations

You have sharp fingernails.
You have a somewhat thin skeletal structure. (Dex +2, Stealth)
Your flesh is heat resistant. (rF+)
Scrolls take you a little longer to read.
Armour fits poorly on your strangely shaped body.
You evolve.


Message History

You climb upwards.
There is a stone staircase leading down here.
You barely miss something.
You hear some strange, mumbled words.
A puff of frost appears from out of thin air!
The puff of frost hits you!
* * * LOW HITPOINT WARNING * * *
Something hits you but does no damage.
You barely miss something. Something hits you.
* * * LOW HITPOINT WARNING * * *
You barely miss something. Something hits you but does no damage.
Something hits you.
* * * LOW HITPOINT WARNING * * *
You miss something.
You hear some strange, mumbled words.
A puff of frost appears from out of thin air!
The puff of frost hits you!
* * * LOW HITPOINT WARNING * * *
Something hits you.
You die...

#.# ####### # #.# #
#.# # #.# # #.#
####### #### #.#
#.....# ##### §..# #.#
#.###.# #....
##.#####.#######.###.#
#.###
##..............@{(#.#
#.#
######.⌠.⌠.#####.#.#.#
#.# ...<##.._..#
#.#.#.# #.#
###.###⌠.⌠## #.#.#.#
#(# #.# ##.## #.....#
#.# # #.# #.# ###...#
#.# ###.# ##'## ###.#
#.# ....###...## ##.##
##.### ##..##.....##
##...## #.....


There were no monsters in sight!

Vanquished Creatures
  A jelly (D:3)
  An orc priest (D:3)
  A centaur skeleton (D:3)
  A hound skeleton (D:3)
  3 adders
  An ooze (D:1)
  An adder zombie (D:3)
  2 worms
  3 dart slugs
  A leopard gecko (D:2)
  4 orcs (D:3)
  3 giant cockroaches
  10 goblins
  7 hobgoblins
  7 jackals
  6 bats
  A frilled lizard (D:2)
  7 kobolds
  A leopard gecko skeleton (D:3)
  A quokka zombie (D:3)
  7 rats
  A fungus (D:1)
70 creatures vanquished.

Vanquished Creatures (collateral kills)
  An orc (D:3)
1 creature vanquished.

Grand Total: 71 creatures vanquished

Notes
Turn   | Place    | Note
-------+----------+-------------------------------------------
     0 | D:1      | Jerry the Demonspawn Chaos Knight began the quest for the Orb.
     0 | D:1      | Reached XP level 1. HP: 18/18 MP: 1/1
   143 | D:1      | Reached skill level 1 in Dodging
   204 | D:1      | XOM: silly message
   221 | D:1      | XOM: silly message
   274 | D:1      | XOM: butterfly on damage
   478 | D:1      | Gained mutation: You have sharp fingernails. [demonic ancestry]
   478 | D:1      | Reached XP level 2. HP: 17/24 MP: 2/2
   597 | D:1      | Reached skill level 3 in Axes
  1158 | D:2      | Gained mutation: Your flesh is heat resistant. (rF+) [demonic ancestry]
  1158 | D:2      | Reached XP level 3. HP: 29/29 MP: 3/3
  1907 | D:2      | XOM: noise
  2107 | D:3      | Reached XP level 4. HP: 28/35 MP: 4/4
  2234 | D:3      | XOM: summons 2 hostile shadow creatures
  2262 | D:3      | Found a sparkling altar of Nemelex Xobeh.
  2372 | D:3      | XOM: give mutations
  2372 | D:3      | Gained mutation: You evolve. [Xom's mischief]
  2372 | D:3      | Gained mutation: Scrolls take you a little longer to read. [Xom's mischief]
  2372 | D:3      | Gained mutation: You are weak. (Str -2) [Xom's mischief]
  2447 | D:3      | XOM: give mutations
  2447 | D:3      | Lost mutation: You are weak. (Str -2) [Xom's mischief]
  2447 | D:3      | Gained mutation: Armour fits poorly on your strangely shaped body. [Xom's mischief]
  2456 | D:3      | XOM: harmless Tmut miscast
  2512 | D:3      | XOM: 6-stop teleportation journey
  2745 | D:3      | Gained mutation: You have a somewhat thin skeletal structure. (Dex +2, Stealth) [demonic ancestry]
  2745 | D:3      | Reached XP level 5. HP: 39/42 MP: 5/5
  2812 | D:3      | XOM: enchant monster (good)
  2815 | D:3      | Reached skill level 4 in Axes
  3231 | D:4      | Found a sand-covered staircase.
  3307 | D:3      | HP: 1/42 [something/puff of frost (7)]
  3307 | D:3      | Slain by an orc wizard

Skill      XL: |  1  2  3  4  5 |
---------------+----------------+-----
Dodging        | 1 2 |  2.2
Axes           | 3 4 |  4.2
Armour         | 2 |  2.7
Fighting       | |  3.9

Action                   |  1- 3 |  4- 6 || total
-------------------------+-------+-------++-------
Melee: Hand axe          |   154 |    96 ||   250
 Stab: Paralysed         |     2 |       ||     2
       Sleeping          |       |     2 ||     2
  Eat: Chunk             |     4 |     4 ||     8
Armor: Leather armour    |    63 |    27 ||    90
Dodge: Dodged            |    83 |    68 ||   151
